Map: Ley Lines

Players

KimChiLoVer - Winner!

  • Race: Terran Terran
  • League: Diamond
  • Spawn Location: 1:00

Nangs

  • Race: Zerg Zerg
  • League: Diamond
  • Spawn Location: 7:00

VOD

Have the link to the VOD?

Description

Time

  • Played on: Aug. 28, 2025, 11:38 p.m.
  • Length: 13:31
Show
View Real Time Build Order
Export as new Build Order

KimChiLoVer Terran - Winner!

Build Orders: Reaper Expand 

Get SALT Encoding   

  12  0:00  SCV  
  13  0:12  SCV  
  14  0:17  Supply Depot  
  14  0:25  SCV  
  15  0:39  SCV  
  15  0:41  Barracks  
  16  0:46  Refinery  
  16  0:51  SCV  
  17  1:03  SCV  
  18  1:27  Orbital Command  
  18  1:30  Reaper  
  19  1:40  Command Center  
  19  1:52  Supply Depot  
  19  1:55  SCV  
  20  2:02  Marine  
  21  2:14  Factory  
  21  2:17  SCV  
  21  2:19  Barracks  
  22  2:23  Refinery  
  22  2:27  Barracks Reactor  
  22  3:00  Orbital Command  
  22  3:03  Factory Tech Lab  
  22  3:04  SCV  
  23  3:16  SCV  
  23  3:20  Marine x2  
  23  3:21  Command Center  
  25  3:37  Factory Reactor  
  25  3:38  Starport, Marine x2  
  27  3:43  Bunker  
  27  3:48  Stimpack  
  27  3:51  Marine  
  27  3:53  SCV  
  29  3:57  SCV  
  29  4:02  Marine x2  
  31  4:09  SCV  
  33  4:12  Marine  
  34  4:21  SCV  
  35  4:24  SCV, Factory Tech Lab  
  35  4:31  Engineering Bay, Supply Depot  
  36  4:34  SCV  
  36  4:35  Orbital Command  
  36  4:36  SCV  
  36  4:37  Marine  
  39  4:48  SCV  
  39  4:50  Engineering Bay  
  40  4:53  Supply Depot  
  40  4:54  SCV  
  41  5:01  SCV  
  41  5:02  Supply Depot  
  41  5:04  Terran Infantry Weapons Level 1  
  41  5:06  SCV  
  43  5:07  Marine  
  43  5:09  Medivac  
  43  5:13  SCV  
  47  5:19  Barracks  
  47  5:21  Barracks  
  47  5:23  SCV  
  47  5:25  SCV  
  49  5:30  Supply Depot  
  49  5:32  Siege Tank  
  52  5:35  Supply Depot  
  52  5:40  Refinery  
  52  5:42  Combat Shield  
  52  5:43  Medivac  
  52  5:45  SCV  
  52  5:47  Terran Infantry Armor Level 1  
  55  5:50  Armory  
  55  5:51  SCV  
  56  6:19  SCV  
  56  6:21  Medivac  
  56  6:22  Medivac  
  56  6:23  Barracks Tech Lab  
  61  6:29  Barracks Reactor  
  61  6:32  Orbital Command, SCV  
  62  6:36  Refinery  
  62  6:37  SCV  
  64  6:44  SCV  
  64  6:49  SCV, Marine x3  
  64  6:53  Siege Tank  
  71  6:56  SCV  
  71  6:59  Terran Vehicle And Ship Armor Level 1, Barracks  
  71  7:01  Barracks x2  
  72  7:08  Marine x2  
  72  7:09  Marine x4  
  72  7:15  Missile Turret  
  78  7:16  Barracks, Missile Turret  
  78  7:19  Factory, Medivac  
  80  7:26  Hellion, Marine x4  
  80  7:27  Marine x2  
  88  7:32  SCV  
  89  7:37  Supply Depot  
  89  7:41  Supply Depot  
  89  7:44  SCV, Marine  
  89  7:45  Terran Infantry Weapons Level 2, Terran Infantry Armor Level 2  
  89  7:48  Hellion  
  89  7:49  Barracks Tech Lab  
  89  7:50  Barracks Tech Lab  
  93  7:54  Barracks Reactor  
  93  7:56  SCV  
  94  8:00  Supply Depot x2  
  94  8:02  Supply Depot  
  94  8:07  SCV x2  
  94  8:09  Hellion  
  98  8:12  Command Center  
  98  8:21  Marine  
  98  8:22  Marine x3  
  102  8:27  Concussive Shells  
  102  8:28  Medivac x2  
  102  8:30  Hellion, Factory Tech Lab  
  108  8:38  Barracks Reactor  
  108  8:44  Supply Depot  
  108  8:45  Refinery x2  
  108  8:46  SCV x3  
  113  8:58  SCV x3  
  113  8:59  Supply Depot  
  113  9:00  Marauder x2, Marine x5  
  113  9:01  Siege Tank  
  128  9:04  Siege Tank  
  128  9:05  Medivac  
  131  9:10  SCV x3  
  131  9:13  Marine  
  131  9:14  Marauder x2  
  139  9:17  Marine  
  139  9:18  Marine x5  
  139  9:21  Marauder  
  139  9:22  Supply Depot, Marauder, SCV x2  
  151  9:26  Marine  
  151  9:31  Planetary Fortress, Marine  
  152  9:34  Siege Tank  
  152  9:37  Supply Depot  
  156  9:39  Missile Turret  
  156  9:40  SCV x3  
  159  9:46  Supply Depot  
  159  9:52  SCV x2  
  161  9:53  Terran Vehicle And Ship Armor Level 2, Missile Turret  
  161  9:54  Missile Turret  
  161  9:55  Marauder, Missile Turret  
  163  10:09  Sensor Tower, Missile Turret  
  163  10:13  Terran Infantry Weapons Level 3  
  163  10:18  Terran Infantry Armor Level 3  
  163  10:23  Command Center  
  163  10:24  Missile Turret  
  163  10:26  Missile Turret  
  163  10:30  Sensor Tower  
  163  10:42  Marine x2  
  163  10:43  Marine x6  
  132  11:13  Marine x2  
  132  11:14  Marauder  
  132  11:17  Command Center  
  136  11:23  Marauder x2, Marine  
  136  11:24  Marine x6  
  147  11:31  Marine x2  
  149  11:34  Marine  
  150  11:41  Marine  
  150  11:42  Marine x6  
  150  11:44  Marine x2  
  143  11:49  Marine x2  
  143  11:52  Marine  
  122  12:00  Marauder  
  111  12:02  Marauder  
  111  12:03  Marauder, Marine x4  
  111  12:04  Marine x2  
  111  12:06  Siege Tank  
  111  12:07  Siege Tank, Marine x2  
  128  12:11  Marauder  
  128  12:12  Orbital Command  
  130  12:18  Medivac x2  
  130  12:21  Marauder, Marine x6  
  139  12:23  Marine  
  131  12:48  Medivac  
  133  13:05  Supply Depot  
  133  13:07  Supply Depot  
  133  13:13  Marine x9  
  133  13:19  Missile Turret  
  153  13:28  Missile Turret  
  153  13:29  Missile Turret  
Show
View Real Time Build Order
Export as new Build Order

Nangs Zerg 

Build Orders: Hatch First 

Get SALT Encoding   

  12  0:00  Drone  
  13  0:08  Drone  
  13  0:14  Extractor  
  13  0:16  Drone  
  15  0:21  Overlord  
  15  0:40  Drone  
  16  0:47  Hatchery  
  16  0:52  Hatchery  
  16  0:59  Hatchery  
  16  1:02  Drone  
  16  1:04  Drone  
  17  1:08  Drone  
  18  1:17  Extractor  
  17  1:23  Spawning Pool  
  16  1:26  Drone  
  16  1:30  Drone  
  18  1:35  Drone  
  19  1:46  Drone  
  20  2:01  Overlord  
  20  2:10  Queen  
  20  2:15  Zergling x2, Queen  
  23  2:17  Zergling x2  
  26  2:23  Zergling x2  
  26  2:24  Drone  
  28  2:46  Drone x3  
  28  2:47  Drone  
  28  2:50  Drone  
  33  3:03  Drone x2  
  35  3:09  Hatchery  
  33  3:12  Queen  
  33  3:14  Overlord  
  35  3:32  Drone  
  36  3:34  Overlord, Drone  
  36  3:35  Drone x3  
  36  3:36  Drone x2  
  42  3:42  Drone  
  42  3:43  Overlord  
  43  3:55  Queen  
  45  4:05  Drone x5  
  45  4:06  Drone  
  49  4:14  Drone x2  
  49  4:16  Drone x2  
  53  4:18  Extractor  
  53  4:22  Roach Warren  
  51  4:27  Drone  
  51  4:29  Queen  
  54  4:37  Lair  
  54  4:47  Drone x6  
  54  4:48  Drone x4  
  64  5:17  Drone  
  64  5:20  Evolution Chamber  
  64  5:22  Evolution Chamber  
  64  5:23  Overlord x3  
  64  5:24  Drone  
  64  5:25  Drone  
  65  5:37  Hatchery  
  64  5:49  Drone  
  65  5:51  Drone x2  
  65  5:52  Drone x2  
  65  5:55  Roach x5  
  65  5:56  Roach  
  81  5:58  Glial Reconstitution  
  81  6:00  Zergling x8  
  85  6:11  Roach x2, Spore Crawler  
  88  6:12  Overlord  
  88  6:13  Overlord x3  
  88  6:19  Zerg Melee Weapons Level 1  
  88  6:20  Zerg Ground Armor Level 1  
  88  6:34  Drone x3  
  88  6:35  Drone x4  
  88  6:37  Drone  
  88  6:38  Extractor  
  95  6:48  Zergling x2  
  95  6:49  Zergling x12  
  102  6:54  Extractor  
  102  6:56  Hydralisk Den  
  102  6:57  Drone  
  102  6:58  Drone x2  
  103  7:04  Drone x2  
  103  7:05  Drone x2  
  107  7:14  Hatchery  
  106  7:16  Hatchery  
  106  7:19  Drone  
  106  7:20  Drone x4  
  110  7:24  Drone  
  110  7:26  Extractor  
  110  7:27  Zergling x4  
  112  7:36  Extractor  
  111  7:42  Overlord  
  111  7:43  Overlord x6  
  111  7:45  Overseer  
  111  7:50  Extractor  
  110  7:52  Roach  
  110  7:53  Roach x3, Extractor  
  117  8:00  Drone x3  
  120  8:11  Drone x3, Hatchery  
  122  8:21  Hatchery  
  121  8:34  Zerg Ground Armor Level 2  
  121  8:40  Zerg Melee Weapons Level 2  
  121  8:45  Zergling x2  
  121  8:46  Zergling x42  
  121  8:47  Baneling Nest  
  142  8:54  Overlord x5  
  142  9:03  Grooved Spines  
  142  9:07  Infestation Pit  
  141  9:14  Drone x2  
  143  9:32  Centrifugal Hooks  
  143  9:36  Baneling  
  143  9:37  Baneling x16  
  143  9:39  Drone  
  143  9:40  Drone x9  
  143  9:42  Queen  
  155  9:46  Overlord x2  
  155  9:47  Hydralisk  
  155  9:48  Hydralisk x10  
  177  9:53  Muscular Augments  
  177  10:06  Zergling x10  
  177  10:07  Zergling x8  
  186  10:09  Hive  
  186  10:11  Drone  
  186  10:12  Drone  
  188  10:23  Zergling x2  
  188  10:24  Zergling x2  
  188  10:25  Zergling x20  
  177  11:01  Zergling x2  
  177  11:02  Hydralisk x8  
  177  11:03  Hydralisk x14  
  172  11:22  Hydralisk  
  172  11:23  Hydralisk x7  
  166  11:48  Zergling x20  
  166  11:49  Zergling x32  
  164  11:58  Zergling x2  
  164  11:59  Zergling x10  
  164  12:04  Overlord x2  
  158  12:24  Ultralisk Cavern  
  143  12:31  Queen  
  125  12:44  Baneling x3  
  125  12:45  Baneling x6  
  124  12:57  Zergling x2  
  124  12:58  Zergling x48  
  149  13:07  Overseer x2  
Tags
 
Add a new tag
Caveats
  • Supply blocks, unpowered buildings, or Contaminate may cause inaccurate times.
  • Supply counts are checked every 10 seconds.